General information
			
			
        
        - name: BNet
 
        - type: Ladder team game (AT/RT)
 
        - host: Battle.net
 
        - saver: Ze.Rath3isaFaig
 
        
map: FullScaleAssault 
        - players: 8
 
        - length: 24:43
 
        - speed: Fast
 - version: 1.22 W3XP
 - replay type:  Public
 
» download(209 KB)
Players
        team 1 (winner) 
              
              
Ze.Rath3isaFaig (
pink | 83 APM | 2056 actions | 24:43)
              
 7 Death Knight 
 3 Death Coil
 3 Unholy Aura
 1 Animate Dead
 6 Lich 
 3 Frost Nova
 2 Frost Armor
 1 Death and Decay
 
                » actions 
                
                | Assign group hotkey | 22 |  | 
| Basic commands | 617 |  | 
| Build / train | 68 |  | 
| Enter build submenu | 22 |  | 
| Enter hero's abilities submenu | 15 |  | 
| Give item / drop item | 1 |  | 
| Remove unit from queue | 1 |  | 
| Right click | 471 |  | 
| Select / deselect | 272 |  | 
| Select group hotkey | 495 |  | 
| Use ability | 72 |  | 
                2056 total
 » units 
                
                | Acolyte | 8 |  | 
| Ghoul | 2 |  | 
| Crypt Fiend | 6 |  | 
| Goblin Shredder | 1 |  | 
| Abomination | 7 |  | 
| Frost Wyrm | 6 |  | 
                30 total
 » upgrades
                
                | Creature Attack | 3 |  | 
| Web | 1 |  | 
| Creature Carapace | 3 |  | 
| Disease Cloud | 1 |  | 
                8 total
 » buildings
                
                | Graveyard | 1 |  | 
| Crypt | 1 |  | 
| Altar of Darkness | 1 |  | 
| Ziggurat | 8 |  | 
| Tomb of Relics | 1 |  | 
| Halls of the Dead | 2 |  | 
| Necropolis | 1 |  | 
| Black Citadel | 1 |  | 
| Sacrificial Pit | 1 |  | 
| Slaughterhouse | 1 |  | 
| Spirit Tower | 1 |  | 
| Boneyard | 2 |  | 
                21 total
 » build order
                00:48 Graveyard
00:53 Crypt
01:00 Altar of Darkness
01:20 Ziggurat
01:44 Ziggurat
02:03 Tomb of Relics
03:56 Halls of the Dead
03:57 Halls of the Dead
04:56 Ziggurat
05:38 Necropolis
07:44 Black Citadel
08:58 Ziggurat
08:59 Ziggurat
08:59 Ziggurat
09:23 Sacrificial Pit
09:24 Slaughterhouse
10:17 Spirit Tower
13:37 Boneyard
13:38 Boneyard
14:31 Ziggurat
14:32 Ziggurat
» items
                
                | Rod of Necromancy | 1 |  | 
| Potion of Healing | 2 |  | 
| Orb of Corruption | 1 |  | 
| Scroll of Healing | 1 |  | 
                5 total
  
               
              
              
darkwasp (
teal | 93 APM | 2296 actions | 24:42)
              
 6 Death Knight 
 3 Death Coil
 3 Unholy Aura
 5 Lich 
 3 Frost Nova
 2 Frost Armor
 
                » actions 
                
                | Assign group hotkey | 773 |  | 
| Basic commands | 4 |  | 
| Build / train | 54 |  | 
| Enter build submenu | 21 |  | 
| Enter hero's abilities submenu | 11 |  | 
| Give item / drop item | 7 |  | 
| Right click | 850 |  | 
| Select / deselect | 250 |  | 
| Select group hotkey | 244 |  | 
| Use ability | 82 |  | 
                2296 total
 » units 
                
                | Acolyte | 8 |  | 
| Ghoul | 3 |  | 
| Crypt Fiend | 12 |  | 
| Gargoyle | 1 |  | 
| Frost Wyrm | 1 |  | 
                25 total
 » upgrades
                
                | Creature Attack | 3 |  | 
| Web | 1 |  | 
| Creature Carapace | 2 |  | 
                6 total
 » buildings
                
                | Graveyard | 1 |  | 
| Crypt | 3 |  | 
| Altar of Darkness | 1 |  | 
| Ziggurat | 8 |  | 
| Tomb of Relics | 1 |  | 
| Halls of the Dead | 2 |  | 
| Sacrificial Pit | 1 |  | 
| Black Citadel | 2 |  | 
| Spirit Tower | 2 |  | 
| Necropolis | 1 |  | 
| Nerubian Tower | 1 |  | 
| Boneyard | 3 |  | 
                26 total
 » build order
                00:11 Graveyard
00:20 Crypt
00:42 Altar of Darkness
00:57 Ziggurat
01:11 Tomb of Relics
01:40 Ziggurat
04:01 Halls of the Dead
04:53 Ziggurat
05:21 Ziggurat
05:24 Ziggurat
06:30 Sacrificial Pit
07:25 Black Citadel
07:51 Spirit Tower
11:01 Necropolis
14:58 Halls of the Dead
14:59 Nerubian Tower
15:01 Spirit Tower
16:20 Crypt
16:21 Crypt
18:39 Black Citadel
20:54 Ziggurat
20:54 Ziggurat
21:03 Boneyard
21:06 Boneyard
22:08 Ziggurat
24:09 Boneyard
» items
                
                | Rod of Necromancy | 1 |  | 
| Circlet of Nobility | 1 |  | 
| Scroll of Town Portal | 1 |  | 
                3 total
  
               
              
              
Puding_panda (
yellow | 88 APM | 2172 actions | 24:42)
              
 7 Blademaster 
 3 Wind Walk
 3 Critical Strike
 1 Bladestorm
 
                » actions 
                
                | Assign group hotkey | 19 |  | 
| Basic commands | 14 |  | 
| Build / train | 72 |  | 
| ESC pressed | 1 |  | 
| Enter build submenu | 16 |  | 
| Enter hero's abilities submenu | 7 |  | 
| Give item / drop item | 2 |  | 
| Right click | 977 |  | 
| Select / deselect | 149 |  | 
| Select group hotkey | 808 |  | 
| Use ability | 107 |  | 
                2172 total
 » units 
                
                | Peon | 16 |  | 
| Troll Batrider | 23 |  | 
| Kodo Beast | 1 |  | 
                40 total
 » upgrades
                
                | Reinforced Defenses | 1 |  | 
| Liquid Fire | 1 |  | 
| Ranged Weapons | 1 |  | 
| Armor | 1 |  | 
                4 total
 » buildings
                
                | Altar of Storms | 1 |  | 
| Orc Burrow | 5 |  | 
| War Mill | 1 |  | 
| Voodoo Lounge | 1 |  | 
| Watch Tower | 3 |  | 
| Stronghold | 1 |  | 
| Fortress | 1 |  | 
| Beastiary | 2 |  | 
| Great Hall | 1 |  | 
                16 total
 » build order
                00:06 Altar of Storms
00:15 Orc Burrow
00:50 War Mill
01:05 Voodoo Lounge
02:06 Watch Tower
02:37 Stronghold
03:26 Orc Burrow
05:04 Fortress
05:07 Beastiary
05:09 Beastiary
05:24 Orc Burrow
06:20 Watch Tower
08:22 Orc Burrow
12:27 Watch Tower
14:06 Orc Burrow
17:00 Great Hall
» items
                
                | Healing Salve | 4 |  | 
| Lesser Clarity Potion | 8 |  | 
| Boots of Speed | 1 |  | 
| Staff of Teleportation | 2 |  | 
| Orb of Lightning | 1 |  | 
| Potion of Healing | 1 |  | 
| Potion of Mana | 1 |  | 
                18 total
  
               
              
              
» 
americanjebus (
purple | 71 APM | 1765 actions | 24:42)
              
 5 Far Seer 
 2 Far Sight
 3 Feral Spirit
 3 Tauren Chieftain 
 2 Endurance Aura
 1 Shockwave
 2 Blademaster 
 1 Wind Walk
 1 Critical Strike
 
                » actions 
                
                | Assign group hotkey | 76 |  | 
| Build / train | 97 |  | 
| Enter build submenu | 26 |  | 
| Enter hero's abilities submenu | 10 |  | 
| Give item / drop item | 4 |  | 
| Remove unit from queue | 2 |  | 
| Right click | 635 |  | 
| Select / deselect | 465 |  | 
| Select group hotkey | 318 |  | 
| Use ability | 132 |  | 
                1765 total
 » units 
                
                | Peon | 8 |  | 
| Grunt | 8 |  | 
| Goblin Shredder | 1 |  | 
| Spirit Walker | 1 |  | 
| Raider | 11 |  | 
| Shaman | 12 |  | 
| Tauren | 3 |  | 
                44 total
 » upgrades
                
                | Armor | 3 |  | 
| Berserker Strength | 1 |  | 
| Backpack | 1 |  | 
| Pillage | 1 |  | 
| Melee Weapons | 3 |  | 
| Shaman Training | 2 |  | 
| Ensnare | 1 |  | 
| Reinforced Defenses | 1 |  | 
| Pulverize | 1 |  | 
                14 total
 » buildings
                
                | Altar of Storms | 1 |  | 
| Orc Burrow | 8 |  | 
| Barracks | 1 |  | 
| Voodoo Lounge | 1 |  | 
| War Mill | 1 |  | 
| Stronghold | 1 |  | 
| Great Hall | 1 |  | 
| Spirit Lodge | 1 |  | 
| Beastiary | 2 |  | 
| Fortress | 1 |  | 
| Watch Tower | 2 |  | 
| Tauren Totem | 2 |  | 
                22 total
 » build order
                00:11 Altar of Storms
00:16 Orc Burrow
00:21 Barracks
01:43 Orc Burrow
03:19 Voodoo Lounge
03:22 War Mill
04:02 Stronghold
04:37 Orc Burrow
06:06 Orc Burrow
06:38 Great Hall
07:04 Spirit Lodge
07:37 Beastiary
10:06 Fortress
10:09 Beastiary
10:40 Orc Burrow
10:47 Watch Tower
11:52 Watch Tower
13:44 Tauren Totem
13:45 Tauren Totem
16:12 Orc Burrow
24:12 Orc Burrow
24:14 Orc Burrow
» items
                
                | Healing Salve | 4 |  | 
| Scroll of Speed | 3 |  | 
| Rod of Necromancy | 1 |  | 
| Potion of Mana | 1 |  | 
| Lesser Clarity Potion | 2 |  | 
| Scroll of Town Portal | 3 |  | 
| Orb of Lightning | 1 |  | 
| Potion of Healing | 1 |  | 
| Scroll of Healing | 2 |  | 
| Circlet of Nobility | 1 |  | 
| Periapt of Vitality | 1 |  | 
                20 total
  
               team 2 (loser) 
              
              
LESBOANDLOVINT (
red | 56 APM | 1373 actions | 24:41)
              
 5 Death Knight 
 3 Death Coil
 2 Unholy Aura
 3 Lich 
 2 Frost Nova
 1 Frost Armor
 1 Dark Ranger 
 1 Life Drain
 
                » actions 
                
                | Basic commands | 61 |  | 
| Build / train | 66 |  | 
| ESC pressed | 2 |  | 
| Enter build submenu | 21 |  | 
| Enter hero's abilities submenu | 9 |  | 
| Give item / drop item | 2 |  | 
| Right click | 745 |  | 
| Select / deselect | 389 |  | 
| Use ability | 78 |  | 
                1373 total
 » units 
                
                | Acolyte | 8 |  | 
| Ghoul | 2 |  | 
| Crypt Fiend | 13 |  | 
| Frost Wyrm | 6 |  | 
| Chimaera | 3 |  | 
| Obsidian Statue | 1 |  | 
                33 total
 » upgrades
                » buildings
                
                | Graveyard | 1 |  | 
| Crypt | 1 |  | 
| Altar of Darkness | 1 |  | 
| Ziggurat | 7 |  | 
| Tomb of Relics | 1 |  | 
| Nerubian Tower | 1 |  | 
| Necropolis | 1 |  | 
| Halls of the Dead | 1 |  | 
| Spirit Tower | 3 |  | 
| Black Citadel | 1 |  | 
| Sacrificial Pit | 1 |  | 
| Boneyard | 2 |  | 
                21 total
 » build order
                00:11 Graveyard
00:17 Crypt
00:44 Altar of Darkness
00:56 Ziggurat
01:35 Ziggurat
01:50 Tomb of Relics
02:29 Nerubian Tower
04:56 Ziggurat
05:02 Necropolis
05:22 Halls of the Dead
08:30 Spirit Tower
10:07 Ziggurat
10:09 Ziggurat
10:27 Black Citadel
10:39 Sacrificial Pit
10:40 Ziggurat
11:03 Spirit Tower
11:18 Spirit Tower
12:58 Boneyard
13:24 Boneyard
16:48 Ziggurat
» items
                
                | Rod of Necromancy | 2 |  | 
| Scroll of Town Portal | 5 |  | 
| Orb of Corruption | 1 |  | 
| Scroll of Healing | 3 |  | 
| Potion of Healing | 1 |  | 
| Potion of Mana | 1 |  | 
| Dust of Appearance | 1 |  | 
                14 total
  
               
              
              
Soni(C (
orange | 46 APM | 862 actions | 18:34)
              
 3 Dark Ranger 
 2 Black Arrow
 1 Silence
 
                » actions 
                
                | Assign group hotkey | 12 |  | 
| Basic commands | 65 |  | 
| Build / train | 53 |  | 
| Enter build submenu | 29 |  | 
| Enter hero's abilities submenu | 3 |  | 
| Right click | 332 |  | 
| Select / deselect | 244 |  | 
| Select group hotkey | 68 |  | 
| Use ability | 56 |  | 
                862 total
 » units 
                
                | Wisp | 32 |  | 
| Archer | 9 |  | 
| Chimaera | 2 |  | 
| Hippogryph | 1 |  | 
                44 total
 » upgrades
                » buildings
                
                | Moon Well | 6 |  | 
| Altar of Elders | 1 |  | 
| Ancient of War | 1 |  | 
| Tree of Ages | 1 |  | 
| Tree of Eternity | 1 |  | 
| Ancient of Wind | 2 |  | 
| Tree of Life | 2 |  | 
| Hunter's Hall | 1 |  | 
| Ancient Protector | 11 |  | 
| Ancient of Wonders | 1 |  | 
| Chimaera Roost | 3 |  | 
                30 total
 » build order
                00:18 Moon Well
00:51 Altar of Elders
01:00 Ancient of War
01:14 Moon Well
03:14 Tree of Ages
03:48 Moon Well
05:50 Tree of Eternity
05:53 Ancient of Wind
05:54 Ancient of Wind
06:49 Tree of Life
08:39 Hunter's Hall
09:47 Ancient Protector
09:49 Ancient Protector
09:54 Ancient Protector
10:18 Moon Well
10:29 Ancient Protector
10:32 Ancient Protector
10:41 Ancient of Wonders
11:39 Chimaera Roost
11:40 Chimaera Roost
12:26 Chimaera Roost
13:09 Moon Well
13:11 Moon Well
17:49 Tree of Life
17:55 Ancient Protector
17:56 Ancient Protector
18:00 Ancient Protector
18:02 Ancient Protector
18:03 Ancient Protector
18:08 Ancient Protector
» items
                
                | Dust of Appearance | 1 |  | 
| Scroll of Town Portal | 1 |  | 
                2 total
  
               
              
              
iKILLdumbALLIES (
blue | 77 APM | 1488 actions | 19:26)
              
 3 Death Knight 
 2 Death Coil
 1 Unholy Aura
 2 Dark Ranger 
 1 Black Arrow
 1 Silence
 
                » actions 
                
                | Assign group hotkey | 64 |  | 
| Basic commands | 25 |  | 
| Build / train | 68 |  | 
| Enter build submenu | 13 |  | 
| Enter hero's abilities submenu | 5 |  | 
| Give item / drop item | 1 |  | 
| Remove unit from queue | 3 |  | 
| Right click | 543 |  | 
| Select / deselect | 196 |  | 
| Select group hotkey | 490 |  | 
| Use ability | 80 |  | 
                1488 total
 » units 
                
                | Acolyte | 5 |  | 
| Ghoul | 5 |  | 
| Crypt Fiend | 19 |  | 
| Obsidian Statue | 2 |  | 
                31 total
 » upgrades
                
                | Creature Carapace | 1 |  | 
| Web | 1 |  | 
| Burrow | 1 |  | 
| Creature Attack | 1 |  | 
| Destroyer Form | 1 |  | 
                5 total
 » buildings
                
                | Graveyard | 1 |  | 
| Crypt | 2 |  | 
| Ziggurat | 5 |  | 
| Altar of Darkness | 1 |  | 
| Tomb of Relics | 1 |  | 
| Halls of the Dead | 1 |  | 
| Nerubian Tower | 1 |  | 
| Spirit Tower | 5 |  | 
| Slaughterhouse | 1 |  | 
| Black Citadel | 1 |  | 
                19 total
 » build order
                00:05 Graveyard
00:11 Crypt
00:39 Ziggurat
00:57 Altar of Darkness
01:47 Ziggurat
02:32 Tomb of Relics
03:59 Halls of the Dead
04:09 Nerubian Tower
05:07 Ziggurat
08:50 Spirit Tower
10:18 Crypt
10:36 Slaughterhouse
11:10 Black Citadel
11:13 Ziggurat
13:48 Ziggurat
14:09 Spirit Tower
14:10 Spirit Tower
14:24 Spirit Tower
» items
                
                | Rod of Necromancy | 2 |  | 
| Dust of Appearance | 2 |  | 
| Scroll of Town Portal | 3 |  | 
| Potion of Lesser Invulnerability | 2 |  | 
                9 total
  
               
              
              
Gank-Sta (
green | 105 APM | 1971 actions | 18:48)
              
 3 Death Knight 
 2 Death Coil
 1 Unholy Aura
 2 Crypt Lord 
 1 Impale
 1 Spiked Carapace
 
                » actions 
                
                | Assign group hotkey | 20 |  | 
| Basic commands | 175 |  | 
| Build / train | 63 |  | 
| ESC pressed | 17 |  | 
| Enter build submenu | 27 |  | 
| Enter hero's abilities submenu | 5 |  | 
| Right click | 456 |  | 
| Select / deselect | 766 |  | 
| Select group hotkey | 384 |  | 
| Use ability | 58 |  | 
                1971 total
 » units 
                
                | Acolyte | 7 |  | 
| Ghoul | 9 |  | 
| Crypt Fiend | 9 |  | 
| Abomination | 7 |  | 
| Obsidian Statue | 1 |  | 
                33 total
 » upgrades
                
                | Creature Attack | 1 |  | 
| Creature Carapace | 1 |  | 
| Web | 1 |  | 
| Unholy Strength | 1 |  | 
| Exhume Corpses | 1 |  | 
| Destroyer Form | 1 |  | 
| Unholy Armor | 1 |  | 
                7 total
 » buildings
                
                | Crypt | 1 |  | 
| Ziggurat | 13 |  | 
| Altar of Darkness | 1 |  | 
| Graveyard | 1 |  | 
| Nerubian Tower | 2 |  | 
| Halls of the Dead | 2 |  | 
| Spirit Tower | 4 |  | 
| Black Citadel | 2 |  | 
| Slaughterhouse | 4 |  | 
| Tomb of Relics | 1 |  | 
                31 total
 » build order
                00:10 Crypt
00:13 Ziggurat
00:54 Altar of Darkness
01:08 Graveyard
01:35 Ziggurat
02:33 Ziggurat
03:32 Nerubian Tower
05:03 Ziggurat
06:09 Halls of the Dead
06:09 Halls of the Dead
06:19 Ziggurat
06:26 Ziggurat
07:40 Spirit Tower
09:13 Black Citadel
09:13 Black Citadel
09:57 Slaughterhouse
10:02 Slaughterhouse
10:48 Ziggurat
10:50 Ziggurat
11:51 Tomb of Relics
12:22 Ziggurat
12:25 Ziggurat
12:27 Ziggurat
12:28 Spirit Tower
13:36 Slaughterhouse
13:40 Slaughterhouse
14:12 Spirit Tower
14:21 Ziggurat
14:23 Ziggurat
14:37 Nerubian Tower
16:10 Spirit Tower
» items
                
                | Rod of Necromancy | 1 |  | 
| Potion of Mana | 1 |  | 
                2 total
  
                Chat log
          (00:06 / All) LESBOANDLOVINT: gl
(00:10 / All) Soni(C: GL
(00:39 / Allies) americanjebus: casters 
(00:41 / Allies) americanjebus: and something
(00:49 / Allies) Ze.Rath3isaFaig: i say we rush
(02:15 / Allies) americanjebus: fucking shit
(02:18 / Allies) americanjebus: fuck fuck fuck
(02:21 / Allies) Ze.Rath3isaFaig: ?
(02:27 / Allies) americanjebus: i fucking clicked fucking  far sight
(02:33 / Allies) Puding_panda: its fine
(02:35 / Allies) Puding_panda: scout with it
(02:46 / Allies) americanjebus: im buying that skill thing
(02:49 / Allies) Puding_panda: might as well use it
(02:55 / Allies) Puding_panda: ud
(04:26 / All) Puding_panda: er ty for item
(04:27 / All) Puding_panda: and exp
(04:30 / All) Soni(C: np
(04:34 / All) Puding_panda: k
(04:35 / Allies) darkwasp: ty
(05:39 / All) Puding_panda: nice expansion
(05:42 / All) LESBOANDLOVINT: f u
(05:46 / Allies) Ze.Rath3isaFaig: kill it
(05:51 / Allies) Puding_panda: trying..
(05:54 / Allies) Ze.Rath3isaFaig: you doing the bat harass thing yellow?
(06:06 / All) Puding_panda: yea waste your mana on me
(06:10 / Allies) Ze.Rath3isaFaig: we'll see how you compare to negroh
(06:56 / All) Puding_panda: yea I am going to your exp again
(06:58 / All) Puding_panda: bite me?
(07:15 / Allies) Ze.Rath3isaFaig: be ready they doing to hit i'm sure
(07:35 / Allies) Ze.Rath3isaFaig: back up
(08:00 / Allies) Ze.Rath3isaFaig: tp puprle
(08:07 / Allies) Ze.Rath3isaFaig: use your ghouls now green
(08:09 / Allies) Ze.Rath3isaFaig: o tela
(08:10 / All) Puding_panda: nice expansion
(08:11 / Allies) Ze.Rath3isaFaig: \RAPIUR
(08:22 / Allies) Ze.Rath3isaFaig: purle attack man wtf
(08:23 / Allies) Ze.Rath3isaFaig: noo
(08:27 / Allies) Ze.Rath3isaFaig: fuckign amzing
(09:18 / All) Ze.Rath3isaFaig: rofl..
(09:37 / All) Ze.Rath3isaFaig: you've lost like a million fiends
(09:39 / All) Ze.Rath3isaFaig: i haven't lost a single one
(09:43 / Allies) Ze.Rath3isaFaig: ROFLFLFLFLF
(10:00 / All) Ze.Rath3isaFaig: AWW ONE MORE
(10:30 / Allies) Ze.Rath3isaFaig: go fuck the ne bases yellow
(10:47 / Allies) Puding_panda: trying to take this down
(10:48 / Allies) Puding_panda: h/o
(11:44 / Allies) Ze.Rath3isaFaig: come teal purple
(11:46 / Allies) Ze.Rath3isaFaig: lets harass them nmore
(11:51 / Allies) Ze.Rath3isaFaig: wel take this out agian
(12:00 / All) Ze.Rath3isaFaig: wow..
(12:01 / All) Ze.Rath3isaFaig: you serious?
(12:10 / Allies) Ze.Rath3isaFaig: gogog
(12:14 / Allies) Ze.Rath3isaFaig: GO TAKE OUT THE NE BASE!!
(12:21 / Allies) Puding_panda: I am
(12:27 / Allies) Ze.Rath3isaFaig: prule come
(12:40 / Allies) Ze.Rath3isaFaig: go teal you gotg it
(12:50 / Allies) Ze.Rath3isaFaig: go GREENS MANIN NOW!!
(13:44 / Allies) Ze.Rath3isaFaig: get us some lust and more casters then we go back
(13:53 / Allies) americanjebus: lust otw
(13:58 / Allies) Ze.Rath3isaFaig: k we finish after tha is up
(14:14 / Allies) Ze.Rath3isaFaig: come we go again come with us teal please
(14:23 / Allies) darkwasp: k
(14:24 / Allies) Ze.Rath3isaFaig: as soon as lust we fuckin rape them
(14:59 / Allies) Ze.Rath3isaFaig: walk teal
(15:09 / Allies) Ze.Rath3isaFaig: gogo tela tp here
(15:32 / All) Ze.Rath3isaFaig: YOU GOING TO RAPE ME LESBO
(15:36 / Allies) Puding_panda: raped
(15:49 / Allies) Ze.Rath3isaFaig: NIOWWW!!
(15:54 / All) Ze.Rath3isaFaig: ROFLLL
(16:19 / Allies) Ze.Rath3isaFaig: GO NOW
(16:36 / All) americanjebus: am i good?
(16:40 / Allies) Ze.Rath3isaFaig: waitign for you guys
(16:42 / Allies) Ze.Rath3isaFaig: get her enow
(16:58 / Allies) Ze.Rath3isaFaig: PURLE
(17:22 / Allies) Ze.Rath3isaFaig: FIGHT UCKEr
(17:23 / All) Ze.Rath3isaFaig: WTF
(17:24 / Allies) Ze.Rath3isaFaig: FIHGT
(17:29 / Allies) Ze.Rath3isaFaig: FIHGHGHTHTT
(18:06 / Allies) Ze.Rath3isaFaig: CIL ME
(18:22 / All) Ze.Rath3isaFaig: lmao
(18:26 / All) Ze.Rath3isaFaig: uh oh lost ur dk
(18:38 / All) Ze.Rath3isaFaig: GGG
(18:42 / All) LESBOANDLOVINT: they fucking suck
(18:43 / All) Ze.Rath3isaFaig: goign to lose yours next blue
(18:45 / All) LESBOANDLOVINT: u suck
(18:47 / All) LESBOANDLOVINT: green
(18:50 / All) Ze.Rath3isaFaig: GGGGGGG
(18:56 / All) americanjebus: green has an expo@!
(19:13 / All) LESBOANDLOVINT: ze sense u talk 
(19:14 / All) LESBOANDLOVINT: shit
(19:14 / All) Ze.Rath3isaFaig: and why are you stil here?
(19:19 / All) LESBOANDLOVINT: u can kill everons base
(19:23 / All) Ze.Rath3isaFaig: leave
(19:29 / All) LESBOANDLOVINT: nope
(19:31 / All) LESBOANDLOVINT: going to eat
(19:32 / All) Ze.Rath3isaFaig: then don't leave
(19:33 / All) LESBOANDLOVINT: bye
(19:44 / All) Ze.Rath3isaFaig: your team got there asses turned inside out
(19:52 / All) Ze.Rath3isaFaig: what made me upset
(19:55 / All) Ze.Rath3isaFaig: was the gayness at the start
(19:58 / All) Ze.Rath3isaFaig: we got 2 good lucks
(20:01 / All) Ze.Rath3isaFaig: as if we needed it?
(20:06 / All) Ze.Rath3isaFaig: as if your team was going to destroy us?
(20:23 / All) americanjebus: i think im gay
(22:08 / Allies) Ze.Rath3isaFaig: healing
(22:27 / All) LESBOANDLOVINT: niggers
(22:34 / All) americanjebus: are black
(22:36 / All) LESBOANDLOVINT: i put a better fight off than my allies
(22:50 / All) LESBOANDLOVINT: kill me
(22:51 / All) Ze.Rath3isaFaig: you got raped down at greens base
(23:25 / All) LESBOANDLOVINT: dodged
(23:32 / All) Ze.Rath3isaFaig: I leave when I lose to you
(23:37 / All) Ze.Rath3isaFaig: even when I don't try
(23:43 / All) Ze.Rath3isaFaig: you do the same shit to dasock
(24:00 / All) LESBOANDLOVINT: dude 
(24:08 / All) Ze.Rath3isaFaig: lol it's ok be gay
(24:08 / All) LESBOANDLOVINT: this isnt even fucking lesbo
(24:16 / All) Ze.Rath3isaFaig: well you played like him
(24:17 / All) Ze.Rath3isaFaig: you failed
(24:22 / All) Ze.Rath3isaFaig: just like I did the other day
(24:22 / All) LESBOANDLOVINT: lmao
(24:26 / All) LESBOANDLOVINT: 1v1
(24:32 / All) Ze.Rath3isaFaig: gg dude
(24:34 / All) Ze.Rath3isaFaig: it was a fun one
(24:38 / All) LESBOANDLOVINT: lmao